 Dungeon Crawl Stone Soup version 0.28-a0-1130-gc51a68064b (webtiles) character file.

Game seed: 11960847052844360426

96510 flotson the Fighter (level 15, -1/106 HPs)
             Began as a Demonspawn Hunter on Dec 13, 2021.
             Was the Champion of Hepliaklqana.
             Killed from afar by an eleionoma (10 damage)
             ... with a spray of wooden splinters
             ... on level 1 of the Swamp.
             The game lasted 00:52:11 (28119 turns).

flotson the Fighter (Demonspawn Hunter)            Turns: 28119, Time: 00:52:11

Health: -1/106     AC: 17    Str: 19    XL:     15   Next: 69%
Magic:  24/24      EV: 18    Int: 12    God:    Hepliaklqana [******]
Gold:   1892       SH:  0    Dex: 21    Spells: 23/26 levels left

rFire   + . .      SeeInvis +   a - +4 broad axe (elec)
rCold   . . .      Faith    .   y - +1 kite shield
rNeg    . . .      Spirit   .   W - +5 robe of Night {Dark Will+ SInv}
rPois   +          Reflect  .   h - +0 helmet
rElec   .          Harm     .   V - +1 cloak
rCorr   +          Rampage  .   g - +0 pair of gloves
Will    ++...                   B - +0 pair of boots
Stlth   +.........              P - amulet of regeneration
HPRegen 1.07/turn               I - +6 ring of dexterity
MPRegen 0.19/turn               X - ring "Lasaitsa" {rPois rF+ rCorr}

@: confused, ambrosia-drunk
A: reduced essence, spiny 2, sharp scales 3, corrupting presence 1, weakness
stinger 2
a: Renounce Religion, Recall Ancestor, Ancestor Identity, Transference, Idealise


You were on level 1 of the Swamp.
You worshipped Hepliaklqana.
Hepliaklqana was exalted by your worship.
You visited 5 branches of the dungeon, and saw 24 of its levels.
You also visited: Sewer.

You collected 2212 gold pieces.
You spent 320 gold pieces at shops.

Inventory:

Hand Weapons
 a - a +4 broad axe of electrocution (weapon)
 b - a +1 hand crossbow
Missiles
 c - 64 poisoned darts (quivered)
 d - 353 bolts
 i - 4 curare-tipped darts
 K - 4 throwing nets
 U - 4 boomerangs of dispersal
 Y - 7 atropa-tipped darts
Armour
 g - a +0 pair of gloves (worn)
 h - a +0 helmet (worn)
 y - a +1 kite shield (worn)
 B - a +0 pair of boots (worn)
 V - a +1 cloak (worn)
 W - the +5 robe of Night (worn) {Dark Will+ SInv}
   (You found it on level 10 of the Dungeon)

   It shrouds the wearer in darkness, reducing the range at which they can see
   and be seen by others.
   SInv:      It lets you see invisible.
   Will:      It increases your willpower.
Jewellery
 G - an amulet of reflection
 I - a +6 ring of dexterity (left hand)
 P - an amulet of regeneration (around neck)
 X - the ring "Lasaitsa" (right hand) {rPois rF+ rCorr}
   (You found it on level 10 of the Dungeon)

   [ring of resist corrosion]

   rF:        It protects you from fire.
   rPois:     It protects you from poison.
   rCorr:     It protects you from acid and corrosion.
Wands
 x - a wand of mindburst (4)
 E - a wand of polymorph (5)
 F - a wand of iceblast (25)
 M - a wand of acid (14)
 R - a wand of flame (26)
 Z - a wand of paralysis (4)
Scrolls
 e - 9 scrolls of noise {unknown}
 f - 2 scrolls of acquirement {unknown}
 j - 5 scrolls of fog
 l - a scroll of holy word {unknown}
 m - 5 scrolls of blinking {unknown}
 n - 7 scrolls of teleportation
 o - 6 scrolls of magic mapping {unknown}
 r - 7 scrolls of enchant armour
 s - 2 scrolls of summoning {unknown}
 u - 5 scrolls of fear {unknown}
 v - 3 scrolls of immolation {unknown}
 L - 2 scrolls of amnesia {unknown}
 N - a scroll of enchant weapon {unknown}
 O - 2 scrolls of torment {unknown}
 S - 2 scrolls of vulnerability {unknown}
Potions
 k - a potion of invisibility {unknown}
 p - 4 potions of attraction
 t - 2 potions of haste
 w - 4 potions of might
 A - 9 potions of curing
 H - 2 potions of mutation
 J - 2 potions of lignification
 Q - 3 potions of flight
Miscellaneous
 T - a box of beasts


   Skills:
 + Level 11.1 Fighting
 - Level 7.3(8.1) Axes
 - Level 2.6(5.4) Maces & Flails
 + Level 4.0(6.2) Polearms
 - Level 7.4 Crossbows
 - Level 3.0 Throwing
 + Level 10.0 Armour
 + Level 10.1 Dodging
 - Level 0.8 Stealth
 + Level 9.2 Shields
 - Level 6.1 Spellcasting
 - Level 6.8 Conjurations
 - Level 6.0 Air Magic
 - Level 6.0 Poison Magic
 - Level 7.3 Invocations
 - Level 5.6 Evocations


You had 23 spell levels left.
You knew the following spells:

 Your Spells              Type           Power      Damage    Failure   Level
a - Mephitic Cloud        Conj/Pois/Air  18%        N/A       9%          3

Your spell library contained the following spells:

 Spells                   Type           Power      Damage    Failure   Level
 Animate Skeleton         Necr           6%         N/A       36%         1
 Freeze                   Ice            12%        1d4       36%         1
 Pain                     Necr           12%        1d4       36%         1
 Summon Small Mammal      Summ           12%        N/A       36%         1
 Ignite Poison            Fire/Tmut/Pois 8%         N/A       43%         3
 Ensorcelled Hibernation  Hex/Ice        6%         N/A       50%         2
 Hailstorm                Conj/Ice       11%        3d5       65%         4
 Call Canine Familiar     Summ           3%         N/A       73%         3
 Frozen Ramparts          Ice            6%         1d2       73%         3
 Summon Guardian Golem    Hex/Summ       3%         N/A       73%         3
 Tukima's Dance           Hex            3%         N/A       73%         3
 Vampiric Draining        Necr           3%         2d6       73%         3
 Freezing Cloud           Conj/Ice/Air   7%         6-21      86%         5
 Animate Armour           Summ/Erth      6%         N/A       98%         4
 Blade Hands              Tmut           1%         N/A       100%        5
 Iron Shot                Conj/Erth      5%         9d2       100%        6
 Simulacrum               Ice/Necr       1%         N/A       100%        6
 Orb of Destruction       Conj           10%        9d5       100%        7
 Spellforged Servitor     Conj/Summ      5%         N/A       100%        7
 Polar Vortex             Ice            1%         N/A       100%        9


Dungeon Overview and Level Annotations

Branches:
Dungeon (14/15)            Temple (1/1) D:4            Lair (6/6) D:8
  Swamp (1/4) Lair:3        Snake (0/4) Lair:2        Slime (0/5) Lair:6
    Orc (2/2) D:12            Elf (0/3) Orc:2        Vaults (0/5) D:14
  Sewer (visited)

Altars:
Ashenzari
Cheibriados
Dithmenos
Elyvilon
Gozag
Hepliaklqana
Kikubaaqudgha
Makhleb
Nemelex Xobeh
Okawaru
Qazlal
Ru
Sif Muna
Trog
Uskayaw
Vehumet
Wu Jian
Xom
Yredelemnul
Zin
The Shining One
Jiyva

Shops:
D:7 (   D:14 **   Orc:2 (:[(

Portals:
Trove: D:14 (give +3 storm dragon scales)


Innate Abilities, Weirdness & Mutations

Your life essence is reduced to manifest your ancestor. (-10% HP)
You are mostly covered in sharp spines.
You are completely covered in razor-sharp scales. (AC +3, Slay +3)
Your presence sometimes corrodes those you injure.
You have a tail ending in a sharp stinger.


Message History

You shoot a bolt.
The bolt hits the bunyip but does no damage.
The bunyip is almost dead.
Unknown command.
You shoot a bolt. The bolt hits the bunyip!
Your corrupting presence corrodes the bunyip!
The bunyip is almost dead.
You hear a splash.
The bunyip claws you!! You block the bunyip's attack. The bunyip claws you!!
The eleionoma hits you.
Unknown command.
You are too injured to fight recklessly!
Unknown command.
You are too injured to fight recklessly!
The eleionoma is struck by your spines. The eleionoma hits you.
You hear the crackle of electricity.
a - a +4 broad axe of electrocution (weapon)
You barely miss the eleionoma. You tail-slap the eleionoma!
The eleionoma is moderately wounded.
The eleionoma barely misses you.
The eleionoma splashes around in the water.
You hit the eleionoma. You tail-slap the eleionoma!
The eleionoma is heavily wounded.
You slash the bunyip!
You kill the bunyip!
The eleionoma is struck by your spines. The eleionoma misses you.
You closely miss the eleionoma. You tail-slap the eleionoma.
The eleionoma is heavily wounded.
The eleionoma splashes around in the water.
You barely miss the eleionoma. You tail-slap the eleionoma.
The eleionoma is heavily wounded.
You block the eleionoma's attack.
The eleionoma hurls a spray of splinters at you.
The spray of wooden splinters hits you!!!
* * * LOW HITPOINT WARNING * * *
You are confused.
You feel invigorated.
The eleionoma hurls a spray of splinters at you.
The spray of wooden splinters hits you!
You die...

♣≈.≈≈......≈.♣♣ .≈
♣♣♣..≈§....≈..♣♣
♣≈♣≈♣♣.§.....≈≈.≈.≈♣
≈≈...(.≈≈.....≈.♣♣♣♣
...≈≈≈≈....≈....♣
...≈≈≈≈....♣♣..♣♣
..≈≈≈(.......♣.♣
(.≈†R$≈...≈≈.♣♣♣
.....@≈≈≈≈≈≈§.
≈(.....≈≈≈≈≈≈.
♣≈..≈....≈≈..
♣♣♣♣♣♣♣♣♣♣♣♣


You could see an eleionoma.

Vanquished Creatures
  A thorn hunter (Swamp:1)
  Gastronok (D:11)
  A fenstrider witch (Swamp:1)
  A bunyip (Swamp:1)
  An eleionoma (Swamp:1)
  2 dire elephants (Lair:6)
  Erolcha (Orc:1)
  A boulder beetle (D:11)
  7 hydras
  2 centaur warriors (D:13)
  2 death yaks (Lair:6)
  A death knight (D:14)
  5 two-headed ogres
  A tengu warrior (D:14)
  A spectral dire elephant (Lair:6)
  A spectral death yak (Lair:6)
  A skeletal warrior (D:13)
  A spectral anaconda (Lair:6)
  A goliath frog (Swamp:1)
  3 orc knights
  A deep elf pyromancer (D:14)
  4 necromancers (Lair:6)
  2 cyclopes
  3 manticores
  An orc sorcerer (Orc:1)
  2 ugly things
  14 elephants
  2 torpor snails (Lair:6)
  2 black mambas
  A dire elephant skeleton (Lair:6)
  7 cane toads
  A gargoyle (D:14)
  3 unseen horrors (D:11)
  A rime drake (Lair:5)
  2 tengu conjurers
  2 guardian mummies (D:14)
  2 komodo dragons
  A polar bear (Lair:1)
  2 hornets
  4 trolls
  3 slime creatures
  6 blink frogs
  Grinder (D:6)
  9 dream sheep
  Sigmund (D:4)
  A spriggan (Swamp:1)
  A shadow (D:10)
  28 yaks
  2 wraiths
  3 wyverns
  A death yak simulacrum (Lair:6)
  7 vampire mosquitoes
  3 basilisks
  5 wargs
  A spectral cane toad (Lair:6)
  A naga (Lair:2)
  A swamp worm (Swamp:1)
  An acid dragon (D:12)
  6 water moccasins
  2 sky beasts
  Pargi (Sewer)
  24 orc warriors
  2 necrophages
  3 black bears
  An elephant zombie (Lair:6)
  3 ogres
  6 wolves
  14 centaurs
  A phantom (D:5)
  2 kobold brigands
  A gnoll sergeant (D:4)
  6 bullfrogs
  A scorpion (D:6)
  3 cane toad simulacra (Lair:6)
  A wyvern skeleton (D:5)
  A water moccasin skeleton (D:4)
  An elephant simulacrum (Lair:6)
  3 killer bees (D:10)
  4 wights (D:6)
  3 howler monkeys
  3 electric eels (D:8)
  3 centaur zombies
  12 orc priests
  7 hounds
  5 jellies
  2 gnoll shamans
  An iguana (D:6)
  A battlemage (D:9)
  17 orc wizards
  8 hell rats
  2 killer bee zombies
  A hound skeleton (D:4)
  A howler monkey zombie (D:9)
  Robin (D:2)
  17 gnolls
  9 adders
  A shadow imp (D:6)
  An adder skeleton (D:4)
  2 worms
  4 dart slugs
  71 orcs
  10 bats
  8 endoplasms
  5 giant cockroaches
  20 goblins
  8 hobgoblins
  2 jackals (D:3)
  6 kobolds
  4 quokkas
  11 ball pythons
  6 frilled lizards
  4 rats
509 creatures vanquished.

Vanquished Creatures (collateral kills)
  An eleionoma (Swamp:1)
  A dire elephant (Lair:6)
  An ettin (Orc:2)
  Harold (Lair:1)
  A boulder beetle (D:11)
  Fannar (D:12)
  3 hydras
  2 alligators (Swamp:1)
  A death knight (D:14)
  5 two-headed ogres
  2 death yaks (Lair:6)
  2 tengu warriors (D:14)
  The ghost of ardl the Destroyer, a novice OpCj of Gozag (D:9)
  Nergalle (D:11)
  A goliath frog (Swamp:1)
  2 wizards (D:14)
  A lindwurm (Lair:6)
  An obsidian statue (Lair:6)
  A phantasmal warrior (D:14)
  4 ugly things
  An orc sorcerer (Orc:1)
  A cyclops (D:12)
  7 elephants
  2 black mambas
  2 centaur zombies (D:10)
  6 cane toads
  2 gargoyles
  3 komodo dragons
  A rime drake (Lair:6)
  2 tengu conjurers (D:14)
  An efreet (D:14)
  4 trolls
  2 polar bears
  4 blink frogs (Lair:3)
  2 tyrant leeches (Swamp:1)
  A hornet (Swamp:1)
  2 slime creatures (D:13)
  A dream sheep (Lair:6)
  A shadow (D:10)
  4 wraiths
  10 yaks
  A wyvern (Lair:5)
  2 basilisks (D:14)
  4 vampire mosquitoes
  A warg (D:12)
  An acid dragon (D:13)
  A spectral cane toad (Lair:6)
  3 water moccasins
  16 orc warriors
  A black bear (D:7)
  3 wolves
  3 ogres
  2 centaurs
  An elephant skeleton (Lair:6)
  2 kobold brigands
  2 bullfrogs (Lair:4)
  A cane toad simulacrum (Lair:6)
  2 wyvern zombies (D:7)
  2 killer bees (D:10)
  An electric eel (Lair:6)
  3 hounds (D:8)
  3 orc priests
  15 orc wizards
  A hell rat (Lair:4)
  2 gnolls
  26 orcs
191 creatures vanquished.

Vanquished Creatures (others)
  A hornet (D:8)
  An ancestor (D:7)
  31 battlemagi
  An orc (Orc:1)
  A kobold (D:8)
  33 fungi
  50 plants
  26 withered plants (Lair:6)
144 creatures vanquished.

Grand Total: 844 creatures vanquished

Notes
Turn   | Place    | Note
-------+----------+-------------------------------------------
     0 | D:1      | flotson the Demonspawn Hunter began the quest for the Orb.
     0 | D:1      | Reached XP level 1. HP: 16/16 MP: 1/1
   116 | D:1      | Gained mutation: You have a small tail. [demonic ancestry]
   116 | D:1      | Reached XP level 2. HP: 22/22 MP: 2/2
   121 | D:1      | Found a faded altar of an unknown god.
   122 | D:1      | Noticed an eye of devastation
   125 | D:1      | Noticed a great orb of eyes
   125 | D:1      | Noticed a floating eye
   125 | D:1      | Noticed an eye of devastation
   421 | D:1      | Reached XP level 3. HP: 28/28 MP: 3/3
   428 | D:1      | Reached skill level 1 in Armour
  1295 | D:2      | Noticed Robin
  1325 | D:2      | Reached XP level 4. HP: 31/34 MP: 4/4
  1350 | D:2      | Killed Robin
  1542 | D:2      | Reached skill level 1 in Throwing
  1551 | D:2      | Reached skill level 3 in Fighting
  1712 | D:2      | Gained mutation: You are partially covered in razor-sharp
                  | scales. (AC +1, Slay +1) [demonic ancestry]
  1712 | D:2      | Reached XP level 5. HP: 41/41 MP: 5/5
  2373 | D:3      | Found a sacrificial altar of Ru.
  2814 | D:4      | Noticed Sigmund
  2886 | D:4      | Noticed a black bear
  2894 | D:4      | Killed a black bear
  2895 | D:4      | Reached XP level 6. HP: 27/47 MP: 6/6
  2923 | D:4      | Found a glowing drain.
  2939 | Sewer    | Entered a sewer
  3188 | Sewer    | Noticed Pargi
  3213 | Sewer    | Killed Pargi
  3572 | D:4      | Gained mutation: You are partially covered in sharp spines.
                  | [demonic ancestry]
  3572 | D:4      | Reached XP level 7. HP: 53/53 MP: 7/7
  3608 | D:4      | Reached skill level 4 in Fighting
  3820 | D:4      | Killed Sigmund
  3821 | D:4      | Reached skill level 5 in Crossbows
  4190 | D:4      | Found a staircase to the Ecumenical Temple.
  4196 | Temple   | Entered the Ecumenical Temple
  4264 | Temple   | Became a worshipper of Hepliaklqana the Forgotten
  4368 | D:4      | Found a basalt altar of Yredelemnul.
  4368 | D:4      | Found an ornate altar of the Wu Jian Council.
  4375 | D:4      | Found a faded altar of an unknown god.
  4377 | D:4      | Found a sparkling altar of Nemelex Xobeh.
  4379 | D:4      | Found a faded altar of an unknown god.
  4572 | D:5      | Entered Level 5 of the Dungeon
  5041 | D:5      | Reached skill level 1 in Invocations
  5327 | D:5      | Reached skill level 1 in Evocations
  5327 | D:5      | Gained mutation: You are mostly covered in razor-sharp
                  | scales. (AC +2, Slay +2) [demonic ancestry]
  5327 | D:5      | Reached XP level 8. HP: 29/61 MP: 8/8
  5697 | D:5      | Found a shadowy altar of Dithmenos.
  5706 | D:5      | Reached skill level 1 in Shields
  6157 | D:6      | Reached skill level 5 in Fighting
  6177 | D:6      | Reached skill level 1 in Maces & Flails
  6567 | D:6      | Noticed Grinder
  6577 | D:6      | Paralysed by Grinder for 7 turns
  6584 | D:6      | Killed Grinder
  6591 | D:6      | Gained mutation: You are completely covered in razor-sharp
                  | scales. (AC +3, Slay +3) [demonic ancestry]
  6591 | D:6      | Reached XP level 9. HP: 21/68 MP: 11/11
  7190 | D:6      | Reached * piety under Hepliaklqana
  7576 | D:6      | Found a stormy altar of Qazlal.
  7902 | D:7      | Reached skill level 5 in Dodging
  7951 | D:7      | Reached ** piety under Hepliaklqana
  7952 | D:7      | Remembered your ancestor Quintus as a battlemage
  7986 | D:7      | Noticed a two-headed ogre
  7993 | D:7      | Killed a two-headed ogre
  8017 | D:7      | Found Mine's Weapon Emporium.
  8085 | D:7      | Bought a +4 broad axe of electrocution for 320 gold pieces
  8174 | D:7      | Reached skill level 5 in Invocations
  8469 | D:7      | Reached skill level 6 in Fighting
  8469 | D:7      | Reached skill level 5 in Armour
  8470 | D:7      | Reached skill level 1 in Axes
  8470 | D:7      | Gained mutation: You have a tail ending in a sharp stinger.
                  | [demonic ancestry]
  8470 | D:7      | Reached XP level 10. HP: 68/68 MP: 13/13
  8872 | D:8      | Found a burning altar of Makhleb.
  8898 | D:8      | Found a staircase to the Lair.
  9006 | D:8      | Found a radiant altar of Vehumet.
  9016 | D:8      | Found an ancient bone altar of Kikubaaqudgha.
  9067 | D:8      | Found a shimmering blue altar of Sif Muna.
  9073 | D:8      | Got Sif Muna's Compendium of Summoning
  9646 | D:8      | Found a hide-covered altar of Uskayaw.
  9646 | D:8      | Found a bloodstained altar of Trog.
 10063 | D:9      | Noticed a two-headed ogre
 10095 | D:8      | Killed a two-headed ogre
 10153 | D:9      | Noticed a two-headed ogre
 10213 | D:9      | Killed a two-headed ogre
 10233 | D:9      | Noticed a six-headed hydra
 10248 | D:9      | Reached skill level 5 in Evocations
 10367 | D:8      | Killed a six-headed hydra
 10368 | D:8      | Reached XP level 11. HP: 18/74 MP: 15/15
 10531 | D:9      | Reached *** piety under Hepliaklqana
 10668 | D:9      | Found a runed translucent gate.
 10668 | D:9      | Found a runed translucent gate.
 10668 | D:9      | Found a runed translucent gate.
 10669 | D:9      | Found a viscous altar of Jiyva.
 10669 | D:9      | Noticed ardl's ghost (novice OpCj)
 10827 | D:9      | Reached skill level 7 in Fighting
 10983 | D:10     | Entered Level 10 of the Dungeon
 11040 | D:10     | Noticed a two-headed ogre
 11050 | D:10     | Killed a two-headed ogre
 11051 | D:10     | Reached skill level 5 in Shields
 11162 | D:10     | Found the +5 robe of Night {Dark Will+ SInv}
 11241 | D:10     | Learned a level 3 spell: Mephitic Cloud
 11339 | D:10     | Identified the ring "Lasaitsa" {rPois rF+ rCorr}
 11504 | D:10     | Noticed a two-headed ogre
 11510 | D:10     | Killed a two-headed ogre
 11572 | D:10     | Reached skill level 1 in Spellcasting
 11572 | D:10     | Reached skill level 1 in Poison Magic
 11789 | D:10     | Reached skill level 1 in Conjurations
 11791 | D:10     | Reached skill level 1 in Air Magic
 11912 | Lair:1   | Entered Level 1 of the Lair of Beasts
 12292 | Lair:1   | Noticed Harold
 12301 | Lair:1   | Killed Harold
 12410 | Lair:1   | Reached **** piety under Hepliaklqana
 13036 | Lair:2   | Reached XP level 12. HP: 70/82 MP: 15/17
 13326 | Lair:2   | Found a staircase to the Snake Pit.
 13599 | Lair:2   | Noticed an eight-headed hydra
 13610 | Lair:2   | Killed an eight-headed hydra
 14291 | Lair:3   | Reached ***** piety under Hepliaklqana
 14332 | Lair:3   | Found a staircase to the Swamp.
 14447 | Lair:3   | Noticed a four-headed hydra
 14452 | Lair:3   | Killed a four-headed hydra
 14453 | Lair:3   | Reached skill level 8 in Fighting
 14640 | Lair:3   | Noticed an eight-headed hydra
 15012 | Lair:3   | Killed an eight-headed hydra
 15013 | Lair:3   | Reached skill level 5 in Axes
 17027 | Lair:5   | Gained mutation: You are mostly covered in sharp spines.
                  | [demonic ancestry]
 17027 | Lair:5   | Reached XP level 13. HP: 89/89 MP: 18/18
 17891 | Lair:6   | Entered Level 6 of the Lair of Beasts
 18296 | Lair:6   | HP: 3/90 [death yak[a torpor snail] (14)]
 18668 | Lair:6   | Reached skill level 9 in Fighting
 18677 | Lair:6   | Reached skill level 5 in Conjurations
 18823 | Lair:6   | Reached ****** piety under Hepliaklqana
 18881 | Lair:6   | Reached skill level 5 in Poison Magic
 19540 | Lair:6   | Found a viscous altar of Jiyva.
 19540 | Lair:6   | Found a staircase to the Slime Pits.
 19699 | Lair:6   | Noticed a dire elephant
 19700 | Lair:6   | Noticed a dire elephant
 19969 | Lair:6   | Noticed a dire elephant
 19982 | Lair:6   | Killed a dire elephant
 20379 | Lair:6   | Reached skill level 5 in Air Magic
 20379 | Lair:6   | Gained mutation: Your presence sometimes corrodes those you
                  | injure. [demonic ancestry]
 20379 | Lair:6   | Reached XP level 14. HP: 59/97 MP: 21/21
 20589 | Lair:6   | Reached skill level 5 in Spellcasting
 21977 | D:9      | Killed ardl's ghost
 22046 | D:11     | Noticed Nergalle
 22056 | D:11     | Killed Nergalle
 22251 | D:11     | Noticed Gastronok
 22268 | D:11     | Killed Gastronok
 23000 | D:12     | Found a staircase to the Orcish Mines.
 23488 | D:12     | Noticed Fannar
 23496 | D:12     | Killed Fannar
 23757 | Orc:1    | Entered Level 1 of the Orcish Mines
 23837 | Orc:1    | Paralysed by an orc sorcerer for 3 turns
 23844 | Orc:1    | Noticed Erolcha
 23848 | Orc:1    | Killed Erolcha
 24137 | Orc:2    | Entered Level 2 of the Orcish Mines
 24157 | Orc:2    | Reached skill level 10 in Fighting
 24210 | Orc:2    | Found a staircase to the Elven Halls.
 24306 | Orc:2    | HP: 1/99 [orc/bolt (8)]
 25072 | Orc:2    | Found Esamehest's Book Shop.
 25072 | Orc:2    | Found Fumeg's Antique Armour Shoppe.
 25072 | Orc:2    | Found Maesyn's Weapon Emporium.
 25074 | Orc:2    | Found Beura's Antique Weapon Boutique.
 25207 | Orc:1    | HP: 1/99 [orc knight (13)]
 25473 | D:13     | Reached skill level 1 in Polearms
 25475 | D:13     | Reached XP level 15. HP: 95/103 MP: 24/24
 26349 | D:14     | Found Taocirchu's Assorted Antiques.
 26431 | D:14     | Found a portal to a secret trove of treasure.
 26986 | D:14     | Found a gate to the Vaults.
 27041 | D:14     | Found Wijaig's Pet Rocks.
 27674 | Swamp:1  | Entered Level 1 of the Swamp
 27749 | Swamp:1  | Noticed a fenstrider witch
 27753 | Swamp:1  | Killed a fenstrider witch
 27767 | Swamp:1  | Noticed a thorn hunter
 27778 | Swamp:1  | Killed a thorn hunter
 27938 | Swamp:1  | Reached skill level 10 in Dodging
 27957 | Swamp:1  | Reached skill level 11 in Fighting
 28102 | Swamp:1  | Reached skill level 10 in Armour
 28118 | Swamp:1  | HP: 3/106 [eleionoma/spray of wooden splinters (38)]
 28119 | Swamp:1  | Killed from afar by an eleionoma

Illustrated notes

Levels and vault maps discovered:
D:1:      saegor_arrival_simple_d, layout_basic, serial_rivers,
          chequers_serial_rivers_micro_c, chequers_serial_rivers_room_a,
          chequers_serial_rivers_room_a, chequers_serial_rivers_micro_c,
          chequers_serial_rivers_large_b, chequers_serial_rivers_small_a,
          hellmonk_ecumenical_altar_watching_god
D:2:      layout_basic, corexii_shack, minmay_misc_feat_roman, uniq_robin
D:3:      layout_loops_ring, nicolae_ru_sacrificial_ziggurat, grunt_ministairs_1
D:4:      layout_loops_ring, overflow_temple_1_default,
          chequers_temple_overflow_minitemple,
          minmay_temple_entry_enclosed_plants, cheibrodos_sewer_entry_bend,
          uniq_sigmund
D:5:      layout_basic, grunt_dithmenos_smoke_and_mirrors, serial_bayou_lagoon_b
D:6:      nicolae_cairo_tiling_very_big, layout_loops_corners,
          nicolae_overflow_hidden_temple, uniq_grinder
D:7:      layout_cave_pools, serial_shops, shop, kennysheep_dice
D:8:      layout_loops_ring, palyth_temple_overflow_mages,
          mainiacjoe_overflow_cross_hatched, gammafunk_temple_overflow_wave,
          erik_lair_island, palyth_stone_intersect, hangedman_decor_riveting,
          lemuel_flamethrower_2
D:9:      layout_basic, special_room [special_room_orc], gammafunk_ghost_ooze,
          statue_in_the_mist_lemuel, minmay_circle_x
D:10:     layout_gridville, hellmonk_guarded_unrand_night
D:11:     layout_irregular_city, minivault_27, minmay_quadrilaterals,
          uniq_gastronok, uniq_nergalle
D:12:     layout_irregular_city, erik_orc_4, uniq_fannar
D:13:     layout_roguey
D:14:     layout_grid_maze, david_vaults_1, serial_park_square2,
          nicolae_trove_entry_path_of_doom, serial_shops,
          nicolae_take_the_stairs, guppyfry_shop_earth
Temple:   dpeg_three_leaves_temple
Lair:1:   layout_cellular_growth, cheibrodos_lair_lostbears, uniq_harold
Lair:2:   layout_cave_pods, guppyfry_snake_entry_garden, wad_woods_road_04
Lair:3:   layout_loops_ring, swamp_mist, minivault_24,
          grunt_forest_small_clearings
Lair:4:   layout_loops_ring
Lair:5:   layout_cellular_growth
Lair:6:   due_jungle_book, layout_regular_city, dpeg_slime_entry_enclosed_altar,
          serial_bayou_shore_a
Swamp:1:  layout_basic_swamp, infiniplex_staircase_pool, swamp_pool4,
          nicolae_swamp_bean_lake
Orc:1:    layout_diamond_mine, uniq_erolcha
Orc:2:    st_orc_rangers, layout_caves

Skill      XL: |  1  2  3  4  5  6  7  8  9 10 11 12 13 14 15 |
---------------+----------------------------------------------+-----
Dodging        | 2 3 4 5 6 7 8 9 10 | 10.1
Armour         | 1 2 3 4 5 6 7 8 9 10 | 10.0
Crossbows      | 4 5 6 7 |  7.4
Throwing       | 1 2 3 |  3.0
Fighting       | 3 4 5 6 7 8 9 10 11 | 11.1
Invocations    | 1 3 5 6 7 |  7.3
Evocations     | 1 2 3 5 |  5.6
Shields        | 2 3 4 5 6 7 8 9 |  9.2
Maces & Flails | 1 2 |  2.6
Axes           | 1 3 4 5 6 7 |  7.3
Spellcasting   | 1 3 4 6 |  6.1
Poison Magic   | 2 4 5 6 |  6.0
Conjurations   | 2 4 5 6 |  6.8
Air Magic      | 1 3 5 6 |  6.0
Polearms       | 1 4 |  4.0
Stealth        | |  0.8

Action                   |  1- 3 |  4- 6 |  7- 9 | 10-12 | 13-15 || total
-------------------------+-------+-------+-------+-------+-------++-------
Melee: Mace              |    12 |    83 |   133 |       |       ||   228
       Tailslap          |     1 |     7 |    22 |    46 |   107 ||   183
       Broad axe         |       |       |    12 |   211 |   473 ||   696
 Fire: Hand crossbow     |    72 |    85 |    96 |   153 |   360 ||   766
Throw: Dart              |       |     9 |       |       |       ||     9
 Cast: Mephitic Cloud    |       |       |       |       |     1 ||     1
Invok: Ancestor Life: Ba |       |       |     1 |       |       ||     1
       Recall Ancestor   |       |       |       |     2 |     1 ||     3
Evoke: Wand              |       |       |       |     8 |     1 ||     9
       Box of beasts     |       |       |       |     1 |       ||     1
  Use: Potion            |     4 |       |     1 |       |     4 ||     9
       Scroll            |       |       |       |     3 |    12 ||    15
 Stab: Sleeping          |       |       |       |     4 |     4 ||     8
       Distracted        |       |       |       |     4 |    15 ||    19
Armor: Leather armour    |     1 |       |       |       |       ||     1
       Scale mail        |    34 |    87 |   107 |     9 |       ||   237
       Troll leather arm |       |       |       |    30 |       ||    30
       Robe              |       |       |       |    87 |   235 ||   322
Dodge: Dodged            |    32 |    71 |    64 |   211 |   449 ||   827
Block: Kite shield       |       |       |    86 |   352 |   605 ||  1043
       Reflection        |       |       |     1 |    12 |     2 ||    15

Table legend: (Time is in decaauts)
 A = Elapsed time spent in this place.
 B = Non-inter-level travel time spent in this place.
 C = Inter-level travel time spent in this place.
 D = Time resting spent in this place.
 E = Time spent auto-exploring this place.
 F = Levels seen in this place.
 G = Mean time per level.
                   A        B        C        D        E       F      G
               +--------+--------+--------+--------+--------+-----+--------+
         Total |  28984 |  27637 |   1347 |   1750 |  20830 |  25 | 1159.4 |
       Dungeon |  15956 |  15096 |    860 |    670 |  11423 |  14 | 1139.7 |
        Temple |     78 |     68 |     10 |      0 |     49 |   1 |   78.0 |
          Lair |  10304 |   9920 |    384 |    913 |   7762 |   6 | 1717.3 |
         Swamp |    485 |    485 |      0 |    118 |    196 |   1 |  485.0 |
  Orcish Mines |   1652 |   1561 |     91 |     49 |    998 |   2 |  826.0 |
         Sewer |    507 |    507 |      0 |      0 |    400 |   1 |  507.0 |
               +--------+--------+--------+--------+--------+-----+--------+

Top non-repeatable levels by time:
  Lair:6: 3408 daAuts
  Lair:5: 2122 daAuts
     D:6: 1835 daAuts
     D:8: 1749 daAuts
     D:4: 1524 daAuts
  Lair:2: 1481 daAuts
    D:14: 1288 daAuts
  Lair:3: 1261 daAuts
     D:5: 1131 daAuts
     D:2: 1088 daAuts
     D:3: 1057 daAuts
   Orc:2: 1039 daAuts
  Lair:4: 1030 daAuts
  Lair:1: 1000 daAuts
    D:11: 967 daAuts
